 Dungeon Crawl Stone Soup version 0.20.1-1-g8b1a95d (webtiles) character file.

14216 acidapple the Transmogrifier (level 12, -10/126 HPs)
             Began as an Ogre Transmuter on Sept 12, 2017.
             Was a High Priest of Okawaru.
             Killed from afar by wnhky's ghost (32 damage)
             ... with a spray of energy
             ... on level 11 of the Dungeon.
             The game lasted 00:27:06 (10952 turns).

acidapple the Transmogrifier (Ogre Transmuter)     Turns: 10952, Time: 00:27:06

Health: -10/126    AC:  6    Str: 17    XL:     12   Next: 14%
Magic:  15/18      EV:  9    Int: 18    God:    Okawaru [*****.]
Gold:   499        SH:  0    Dex: 11    Spells: 5/20 levels left

rFire    . . .     SeeInvis .     - Unarmed
rCold    . . .     Gourm    .   (shield currently unavailable)
rNeg     + . .     Faith    .   N - +0 troll leather armour
rPois    .         Spirit   .   (helmet restricted)
rElec    .         Reflect  .   E - +0 cloak
rCorr    .         Harm     .   (gloves unavailable)
MR       +....                  (boots unavailable)
Stlth    +.........             (no amulet)
Regen    1.2/turn               g - ring of positive energy
MPRegen  0.2/turn               b - ring of wizardry

@: confused, lethally poisoned (-10 -> -10), blade hands, glowing
A: unfitting armour, hooves 1, thin skeletal structure 1, regeneration 1, tough
skin 1
a: End Transformation, Heroism, Finesse, Renounce Religion


You were on level 11 of the Dungeon.
You worshipped Okawaru.
Okawaru was extremely pleased with you.
You were not hungry.
You had blades for hands.
You visited 2 branches of the dungeon, and saw 12 of its levels.

You collected 635 gold pieces.
You spent 136 gold pieces at shops.

Inventory:

Missiles
 a - 201 arrows
 y - 4 javelins of penetration (quivered)
Armour
 n - a +0 shield
 r - a scarf of cloud immunity
 E - a +0 cloak (worn)
 L - a +1 robe of fire resistance
 N - a +0 troll leather armour (worn)
Jewellery
 b - a ring of wizardry (right scythe-like blade)
 g - a ring of positive energy (left scythe-like blade)
 m - an uncursed ring of resist corrosion
 t - a +4 ring of intelligence
 v - an uncursed ring of fire
 B - an uncursed ring of teleportation
 C - an uncursed ring of ice
Wands
 u - a wand of clouds (1/9)
 F - a wand of paralysis (9/24)
 H - a wand of paralysis (19/24)
Scrolls
 e - 3 scrolls of teleportation
 i - 2 scrolls of immolation
 q - 7 scrolls of identify
 s - 4 scrolls of enchant weapon
 w - 2 scrolls of fear
 G - a scroll of vulnerability {unknown}
 I - a scroll of remove curse
 O - a scroll of amnesia
Potions
 l - a potion of heal wounds
 o - a potion of mutation
 x - a potion of magic
 D - a potion of agility
 J - a potion of lignification
 K - a potion of haste
Books
 c - a book of Changes

   Spells                             Type                      Level
   a - Beastly Appendage              Transmutation                1
   b - Sticks to Snakes               Transmutation                2
   c - Spider Form                    Transmutation/Poison         3
   d - Ice Form                       Ice/Transmutation            4
   e - Blade Hands                    Transmutation                5
 A - a book of Misfortune

   Spells                             Type                      Level
   a - Confusing Touch                Hexes                        1
   b - Confuse                        Hexes                        3
   c - Gell's Gravitas                Translocation                3
   d - Petrify                        Transmutation/Earth          4
   e - Metabolic Englaciation         Hexes/Ice                    5
   f - Yara's Violent Unravelling     Hexes/Transmutation          5
Comestibles
 d - 3 bread rations
 f - 11 royal jellies
 h - 9 meat rations
 j - 9 fruits
 k - 8 chunks of flesh


   Skills:
 - Level 10.1 Fighting
 - Level 1.7 Dodging
 * Level 5.5 Shields
 * Level 9.8 Unarmed Combat
 + Level 4.6 Spellcasting
 + Level 10.4 Transmutations
 - Level 6.2 Invocations


You had 5 spell levels left.
You knew the following spells:

 Your Spells              Type           Power        Failure   Level  Hunger
a - Beastly Appendage     Tmut           #####.       3%          1    None
b - Sticks to Snakes      Tmut           #####...     4%          2    #......
c - Spider Form           Tmut/Pois      ###.......   16%         3    ###....
d - Blade Hands           Tmut           #####.....   16%         5    ######.
e - Ice Form              Ice/Tmut       ###.....     30%         4    ####...


Dungeon Overview and Level Annotations

Branches:
Dungeon (11/15)            Temple (1/1) D:6
   Lair: D:8-11         Orc: D:9-12

Altars:
Ashenzari
Cheibriados
Dithmenos
Elyvilon
Fedhas
Gozag
Hepliaklqana
Kikubaaqudgha
Nemelex Xobeh
Okawaru
Qazlal
Ru
Sif Muna
Trog
Uskayaw
Vehumet
Xom
Yredelemnul
Zin

Shops:
D:4 (   D:5 *

Annotations:
D:11 Sonja; wnhky's ghost, journeyman SpEn


Innate Abilities, Weirdness & Mutations

You are too large for most types of armour.
You have tough skin. (AC +1)
You have large cloven feet.
You have a somewhat thin skeletal structure. (Dex +2, Stealth)
Your natural rate of healing is unusually fast.


Message History

Wnhky's ghost whispers, "The ORB doesn't exist."
Wnhky's ghost gestures at you while chanting.
You fall asleep.
You feel sick. Wnhky's ghost casts a spell at you.
The spray of energy hits you!
You wake up.
You are more confused.
You feel sick.
Wnhky's ghost gestures at you while chanting.
The spray of energy misses you.
You feel sick.
You feel sick. Wnhky's ghost casts a spell at you.
The spray of energy hits you!
* * * LOW HITPOINT WARNING * * *
You are more confused.
You feel sick.
Wnhky's ghost gestures at you while chanting.
The spray of energy hits you!
You die...

............
...........#
............#
.............#
.............#
#...........#
#...........#
##.......@$..####
#.......W........
#................#
#..?.............#
##............###.#
#..<...........#..#
#.[?....<......#..#
#......).[........#
#........)........#


You could see wnhky's ghost.

Vanquished Creatures
  2 two-headed ogres
  An ogre mage (D:10)
  A deep elf mage (D:11)
  2 ugly things (D:10)
  2 guardian serpents (D:10)
  Joseph (D:9)
  A gargoyle (D:11)
  A troll (D:9)
  A hornet (D:11)
  A hippogriff (D:8)
  16 yaks
  Sigmund (D:6)
  A human (D:7)
  A steam dragon (D:9)
  4 hogs (D:7)
  A hungry ghost (D:7)
  An acid dragon (D:9)
  2 water moccasins
  3 porcupines (D:11)
  Duvessa (D:7)
  2 black bears
  An ice beast (D:10)
  3 sky beasts
  5 orc warriors
  3 ogres
  A phantom (D:10)
  4 centaurs
  2 big kobolds
  Blork the orc (D:6)
  9 bullfrogs
  Dowan (D:7)
  4 scorpions
  13 killer bees
  5 wights (D:8)
  2 howler monkeys (D:6)
  8 electric eels (D:10)
  A crimson imp (D:10)
  2 bullfrog zombies
  A quasit (D:9)
  5 hounds
  3 jellies
  10 orc wizards
  A bullfrog skeleton (D:11)
  A centaur skeleton (D:11)
  4 orc priests
  Crazy Yiuf (D:7)
  2 iguanas (D:8)
  Natasha (D:2)
  9 worker ants
  5 gnolls
  11 adders
  A shadow imp (D:9)
  An adder zombie (D:6)
  2 adder skeletons
  3 worms
  A dart slug (D:1)
  3 leopard geckos
  41 orcs
  4 giant cockroaches
  9 goblins
  2 hobgoblins (D:1)
  11 jackals
  13 kobolds
  7 quokkas
  A ball python (D:1)
  9 bats
  5 frilled lizards
  2 jackal skeletons
  4 rats
284 creatures vanquished.

Vanquished Creatures (others)
  A gnoll (D:9)
  A fungus (D:11)
  3 plants (D:10)
5 creatures vanquished.

Grand Total: 289 creatures vanquished

Notes
Turn   | Place    | Note
-------+----------+-------------------------------------------
     0 | D:1      | acidapple the Ogre Transmuter began the quest for the Orb.
     0 | D:1      | Reached XP level 1. HP: 19/19 MP: 3/3
   407 | D:1      | Reached XP level 2. HP: 16/27 MP: 3/5
  1279 | D:2      | Reached XP level 3. HP: 33/33 MP: 6/6
  1445 | D:2      | Noticed Natasha
  1462 | D:2      | Killed Natasha
  1601 | D:2      | Learned a level 2 spell: Sticks to Snakes
  1605 | D:2      | Learned a level 3 spell: Spider Form
  1614 | D:2      | Reached XP level 4. HP: 41/41 MP: 6/8
  1959 | D:3      | Found an ancient bone altar of Kikubaaqudgha.
  2162 | D:3      | Found an iron altar of Okawaru.
  2289 | D:3      | Reached XP level 5. HP: 48/48 MP: 7/9
  2983 | D:4      | Noticed an ogre
  2997 | D:4      | Killed an ogre
  2997 | D:4      | Reached XP level 6. HP: 23/55 MP: 5/11
  3782 | D:4      | Gained mutation: You have large cloven feet. [potion of mutation]
  3782 | D:4      | Gained mutation: You have a somewhat thin skeletal structure. (Dex +2, Stealth) [potion of mutation]
  3782 | D:4      | Gained mutation: Your natural rate of healing is unusually fast. [potion of mutation]
  3790 | D:4      | Reached XP level 7. HP: 53/65 MP: 11/13
  3943 | D:4      | Found Yghew's Weapon Shoppe.
  3981 | D:5      | Entered Level 5 of the Dungeon
  4118 | D:5      | Found Oxicoce's General Store.
  4124 | D:5      | Bought a potion of might for 52 gold pieces
  4124 | D:5      | Bought a scroll of fear for 45 gold pieces
  4124 | D:5      | Bought a scroll of teleportation for 39 gold pieces
  4265 | D:5      | Reached skill level 5 in Transmutations
  4645 | D:5      | Learned a level 5 spell: Blade Hands
  4844 | D:6      | Noticed Blork the orc
  4858 | D:6      | Noticed Sigmund
  4858 | D:6      | Killed Blork the orc
  4865 | D:6      | Killed Sigmund
  4865 | D:6      | Reached skill level 5 in Unarmed Combat
  4865 | D:6      | Reached XP level 8. HP: 34/78 MP: 12/14
  5030 | D:6      | Found a staircase to the Ecumenical Temple.
  5554 | Temple   | Entered the Ecumenical Temple
  5727 | Temple   | Became a worshipper of Warmaster Okawaru
  5907 | D:7      | Reached skill level 5 in Fighting
  6169 | D:7      | Found a runed door.
  6219 | D:7      | Reached XP level 9. HP: 83/88 MP: 15/15
  6253 | D:7      | Noticed Crazy Yiuf
  6260 | D:7      | Killed Crazy Yiuf
  6439 | D:7      | Noticed Duvessa
  6471 | D:7      | Reached * piety under Okawaru
  6492 | D:7      | Noticed Dowan
  6509 | D:7      | Killed Duvessa
  6515 | D:7      | Killed Dowan
  6789 | D:7      | Found a deep blue altar of Sif Muna.
  6789 | D:7      | Found a glowing silver altar of Zin.
  6789 | D:7      | Found a white marble altar of Elyvilon.
  6789 | D:7      | Found a shattered altar of Ashenzari.
  6795 | D:7      | Found a snail-covered altar of Cheibriados.
  6795 | D:7      | Found a shadowy altar of Dithmenos.
  6857 | D:8      | Reached ** piety under Okawaru
  6928 | D:8      | Learned a level 4 spell: Ice Form
  6961 | D:8      | Noticed a two-headed ogre
  6972 | D:8      | Killed a two-headed ogre
  6972 | D:8      | Reached XP level 10. HP: 53/106 MP: 11/16
  7194 | D:8      | Reached *** piety under Okawaru
  7918 | D:9      | Noticed Joseph
  7941 | D:9      | Killed Joseph
  7941 | D:9      | Reached skill level 1 in Shields
  8067 | D:9      | Reached **** piety under Okawaru
  8067 | D:9      | Reached skill level 10 in Fighting
  8229 | D:9      | Found a bloodstained altar of Trog.
  8311 | D:9      | Noticed a two-headed ogre
  8319 | D:9      | Killed a two-headed ogre
  8325 | D:9      | Reached XP level 11. HP: 86/117 MP: 12/17
  8506 | D:10     | Entered Level 10 of the Dungeon
  8506 | D:10     | Found a snail-covered altar of Cheibriados.
  8527 | D:10     | Reached skill level 5 in Invocations
  9201 | D:10     | Reached ***** piety under Okawaru
  9985 | D:11     | Noticed a cyan ugly thing
  9992 | D:10     | Killed a cyan ugly thing
  9992 | D:10     | Reached skill level 10 in Transmutations
 10212 | D:11     | Noticed an ogre mage
 10222 | D:11     | Noticed a deep elf mage
 10228 | D:10     | Killed an ogre mage
 10228 | D:10     | Received a gift from Okawaru
 10268 | D:11     | Killed a deep elf mage
 10306 | D:11     | Noticed wnhky's ghost (journeyman SpEn)
 10393 | D:11     | Noticed Sonja
 10605 | D:10     | Reached XP level 12. HP: 63/126 MP: 14/18
 10779 | D:11     | Reached skill level 5 in Shields
 10952 | D:11     | Killed from afar by wnhky's ghost

Skill      XL: |  1  2  3  4  5  6  7  8  9 10 11 12 |
---------------+-------------------------------------+-----
Transmutations | 2 3 4 6 7 9 10 | 10.4
Unarmed Combat | 3 4 5 7 8 9 |  9.8
Spellcasting   | 3 4 |  4.6
Fighting       | 2 4 5 8 10 | 10.1
Invocations    | 2 4 6 |  6.2
Shields        | 2 4 5 |  5.5
Dodging        | |  1.7

Action                   |  1- 3 |  4- 6 |  7- 9 | 10-12 || total
-------------------------+-------+-------+-------+-------++-------
Melee: Unarmed           |   134 |   205 |   284 |   446 ||  1069
       Kick              |     6 |     8 |    50 |    88 ||   152
       Headbutt          |     4 |     9 |    20 |     5 ||    38
       Punch             |     1 |     1 |     3 |     6 ||    11
 Cast: Beastly Appendage |    20 |    13 |    17 |     5 ||    55
       Spider Form       |       |     5 |    10 |       ||    15
       Sticks to Snakes  |       |     2 |       |       ||     2
       Blade Hands       |       |       |     5 |    33 ||    38
       Ice Form          |       |       |       |     7 ||     7
  Use: Scroll            |     2 |     5 |     6 |     2 ||    15
       Potion            |       |     2 |     2 |     6 ||    10
 Stab: Sleeping          |     2 |     1 |     1 |     1 ||     5
  Eat: Chunk             |     3 |     5 |    12 |     8 ||    28
       Bread ration      |       |     1 |       |     4 ||     5
Armor: Robe              |    45 |    50 |    26 |     8 ||   129
       Skin              |       |     1 |     4 |    76 ||    81
       Troll leather arm |       |       |       |    71 ||    71
Dodge: Dodged            |    78 |   119 |   135 |   172 ||   504
